SNL (28 & UNDER)
KEY WEST BARRACUDAS @ SALEM SILVER SOULS
08/18/2024
 
TOP OF THE 1ST
Key West Barracudas batting - Pitching for Salem Silver Souls : RHP Andy Hickey
Pitching: RHP Andy Hickey
Batting: RHB Victor Baker 0-0: Ball
1-0: Foul Ball, location: 2F
1-1: Ball
2-1: Foul Ball, location: 2F
2-2: Ball
3-2: Foul Ball, location: 2F
3-2: Foul Ball, location: 2F
3-2: Base on Balls
Batting: RHB Zander Tremblett 0-0: Ball
1-0: Called Strike
1-1: Foul Ball, location: 2F
1-2: Strikes out looking
Batting: RHB Kenny Cole 0-0: Ball
Victor Baker steals 2nd base
1-0: Ground out 3-4 (Groundball, 3)
Victor Baker to third
Batting: LHB Arturo López 0-0: Called Strike
0-1: Called Strike
0-2: Ball
1-2: Strikes out swinging
Top of the 1st over - 0 run(s), 0 hit(s), 0 error(s), 1 left on base; Key West 0 - Salem 0
BOTTOM OF THE 1ST
Salem Silver Souls batting - Pitching for Key West Barracudas : RHP Chris Jones
Pitching: RHP Chris Jones
Batting: RHB Juan López 0-0: Called Strike
0-1: Ball
1-1: Ball
2-1: Ground out 6-3 (Groundball, 6M)
Batting: SHB Todd Smith 0-0: Ball
1-0: Called Strike
1-1: Foul Ball, location: 2F
1-2: DOUBLE (Line Drive, 3L)
Batting: RHB Lonson Seals 0-0: Ground out 4-3 (Groundball, 4)
Todd Smith to third
Batting: LHB Jeff McKinney 0-0: SINGLE (Groundball, 5L)
Todd Smith scores
Batting: LHB Jeff Doss 0-0: Ball
1-0: Swinging Strike
1-1: Called Strike
1-2: Ball
2-2: Fly out, F7 (Flyball, 7LSF)
Bottom of the 1st over - 1 run(s), 2 hit(s), 0 error(s), 1 left on base; Key West 0 - Salem 1
TOP OF THE 2ND
Key West Barracudas batting - Pitching for Salem Silver Souls : RHP Andy Hickey
Batting: RHB Luther Stoffels 0-0: Ball
1-0: Called Strike
1-1: Swinging Strike
1-2: Ball
2-2: Ball
3-2: Strikes out swinging
Batting: RHB Ramiro Gámez 0-0: Swinging Strike
0-1: Foul Ball, location: 2F
0-2: Strikes out looking
Batting: RHB Carlos Miranda 0-0: Called Strike
0-1: Ball
1-1: SINGLE (Flyball, 34D)
Batting: SHB Héctor Jiménez 0-0: Ball
1-0: Ball
2-0: Foul Ball, location: 2F
2-1: Foul Ball, location: 2F
2-2: Strikes out swinging
Top of the 2nd over - 0 run(s), 1 hit(s), 0 error(s), 1 left on base; Key West 0 - Salem 1
BOTTOM OF THE 2ND
Salem Silver Souls batting - Pitching for Key West Barracudas : RHP Chris Jones
Batting: SHB Francis Shaffer 0-0: Called Strike
0-1: Called Strike
0-2: Strikes out swinging
Batting: LHB Millard Dye 0-0: Called Strike
0-1: Ball
1-1: Ball
2-1: Foul Ball, location: 2F
2-2: Ball
3-2: Base on Balls
Batting: RHB Alejandro Martínez 0-0: Fly out, F8 (Line Drive, 8LD)
Batting: RHB Anthony Wells 0-0: Ball
1-0: Ball
2-0: Swinging Strike
2-1: Foul Ball, location: 2F
2-2: Strikes out looking
Bottom of the 2nd over - 0 run(s), 0 hit(s), 0 error(s), 1 left on base; Key West 0 - Salem 1
TOP OF THE 3RD
Key West Barracudas batting - Pitching for Salem Silver Souls : RHP Andy Hickey
Batting: LHB Domingo Ledesma 0-0: Called Strike
0-1: Ball
1-1: Ball
2-1: Foul Ball, location: 2F
2-2: Ball
3-2: Strikes out swinging
Batting: RHB Victor Baker 0-0: Foul Ball, location: 2F
0-1: Foul Ball, location: 2F
0-2: Ball
1-2: Ball
2-2: Strikes out swinging
Batting: RHB Zander Tremblett 0-0: Called Strike
0-1: Ground out 4-3 (Groundball, 4)
Top of the 3rd over - 0 run(s), 0 hit(s), 0 error(s), 0 left on base; Key West 0 - Salem 1
BOTTOM OF THE 3RD
Salem Silver Souls batting - Pitching for Key West Barracudas : RHP Chris Jones
Batting: RHB Juan López 0-0: Ground out 5-3 (Groundball, 5L)
Batting: SHB Todd Smith 0-0: Called Strike
0-1: Ball
1-1: Called Strike
1-2: Foul Ball, location: 2F
1-2: SINGLE (Groundball, 34)
Batting: RHB Lonson Seals 0-0: Ball
1-0: Fly out, F9 (Line Drive, 9D)
Batting: LHB Jeff McKinney 0-0: Ball
Todd Smith steals 2nd base
1-0: Fly out, F9 (Flyball, 9D)
Bottom of the 3rd over - 0 run(s), 1 hit(s), 0 error(s), 1 left on base; Key West 0 - Salem 1
TOP OF THE 4TH
Key West Barracudas batting - Pitching for Salem Silver Souls : RHP Andy Hickey
Batting: RHB Kenny Cole 0-0: Called Strike
0-1: Ball
1-1: Ball
2-1: Ball
3-1: Ground out 5-3 (Groundball, 56S)
Batting: LHB Arturo López 0-0: Called Strike
0-1: Ball
1-1: SINGLE (Line Drive, 7S)
Batting: RHB Luther Stoffels 0-0: Ball
1-0: Fly out, F9 (Line Drive, 9D)
Batting: RHB Ramiro Gámez 0-0: Ball
1-0: Ball
2-0: Foul Ball, location: 2F
2-1: Ball
3-1: Base on Balls
Arturo López to second
Batting: RHB Carlos Miranda 0-0: Ball
1-0: Foul Ball, location: 2F
1-1: Ball
2-1: Fly out, F6 (Line Drive, 6M)
Top of the 4th over - 0 run(s), 1 hit(s), 0 error(s), 2 left on base; Key West 0 - Salem 1
BOTTOM OF THE 4TH
Salem Silver Souls batting - Pitching for Key West Barracudas : RHP Chris Jones
Batting: LHB Jeff Doss 0-0: Ball
1-0: Ball
2-0: Foul Ball, location: 2F
2-1: Called Strike
2-2: Strikes out looking
Batting: SHB Francis Shaffer 0-0: Called Strike
0-1: Foul Ball, location: 2F
0-2: Ball
1-2: Ball
2-2: Foul Ball, location: 2F
2-2: Foul Ball, location: 2F
2-2: Ball
3-2: SINGLE (Line Drive, 4MD)
Batting: LHB Millard Dye 0-0: Called Strike
0-1: Swinging Strike
0-2: Strikes out swinging
Batting: RHB Alejandro Martínez 0-0: Called Strike
0-1: Ball
1-1: Ball
2-1: Foul Ball, location: 2F
2-2: Ground out U3 (Groundball, 3S)
Bottom of the 4th over - 0 run(s), 1 hit(s), 0 error(s), 1 left on base; Key West 0 - Salem 1
TOP OF THE 5TH
Key West Barracudas batting - Pitching for Salem Silver Souls : RHP Andy Hickey
Batting: SHB Héctor Jiménez 0-0: Called Strike
0-1: Foul Ball, location: 2F
0-2: Strikes out swinging
Batting: LHB Domingo Ledesma 0-0: Ball
1-0: Ball
2-0: Called Strike
2-1: Foul Ball, location: 2F
2-2: Ball
3-2: Strikes out looking
Batting: RHB Victor Baker 0-0: Called Strike
0-1: Swinging Strike
0-2: Strikes out looking
Top of the 5th over - 0 run(s), 0 hit(s), 0 error(s), 0 left on base; Key West 0 - Salem 1
BOTTOM OF THE 5TH
Salem Silver Souls batting - Pitching for Key West Barracudas : RHP Chris Jones
Batting: RHB Anthony Wells 0-0: Ground out 6-3 (Groundball, 6)
Batting: RHB Juan López 0-0: Ball
1-0: Ball
2-0: Called Strike
2-1: Called Strike
2-2: Foul Ball, location: 2F
2-2: Strikes out swinging
Batting: SHB Todd Smith 0-0: Called Strike
0-1: Ball
1-1: Ball
2-1: Foul Ball, location: 2F
2-2: SINGLE (Groundball, 34D) (infield hit)
Batting: RHB Lonson Seals 0-0: Called Strike
Todd Smith steals 2nd base
0-1: Ball
1-1: SINGLE (Groundball, 4MD)
Todd Smith to third
Runner from 3rd tries for Home, SAFE, throw made home
Lonson Seals to second
Batting: LHB Jeff McKinney 0-0: Swinging Strike
0-1: Ball
1-1: Foul Ball, location: 2F
1-2: Ball
2-2: Ball
3-2: Strikes out swinging
Bottom of the 5th over - 1 run(s), 2 hit(s), 0 error(s), 1 left on base; Key West 0 - Salem 2
TOP OF THE 6TH
Key West Barracudas batting - Pitching for Salem Silver Souls : RHP Andy Hickey
Batting: RHB Zander Tremblett 0-0: Fly out, F4 (Popup, 34D)
Batting: RHB Kenny Cole 0-0: Called Strike
0-1: Foul Ball, location: 2F
0-2: Foul Ball, location: 2F
0-2: Ball
1-2: Strikes out swinging
Batting: LHB Arturo López 0-0: Ball
1-0: Ball
2-0: SOLO HOME RUN (Flyball, 9LD), Distance : 362 ft
Batting: RHB Luther Stoffels 0-0: Ground out 6-3 (Groundball, 6)
Top of the 6th over - 1 run(s), 1 hit(s), 0 error(s), 0 left on base; Key West 1 - Salem 2
BOTTOM OF THE 6TH
Salem Silver Souls batting - Pitching for Key West Barracudas : RHP Chris Jones
Batting: LHB Jeff Doss 0-0: Called Strike
0-1: Ball
1-1: Ground out 4-3 (Groundball, 34)
Batting: SHB Francis Shaffer 0-0: SINGLE (Groundball, 6M)
Batting: LHB Millard Dye 0-0: Foul Ball, location: 2F
0-1: Ball
1-1: Ball
2-1: Foul Ball, location: 2F
2-2: Ball
3-2: DOUBLE (Line Drive, 3D)
Francis Shaffer to third
Francis Shaffer scores
Batting: RHB Alejandro Martínez 0-0: Ball
1-0: SINGLE (Groundball, 6MD)
Millard Dye to third
Runner from 3rd tries for Home, SAFE, throw made home
Alejandro Martínez to second
Batting: RHB Anthony Wells 0-0: Ground out 5-3 (Groundball, 56)
Pitching: RHP Sean Harden
Batting: RHB Juan López 0-0: Foul Ball, location: 2F
0-1: Ball
1-1: Foul Ball, location: 2F
1-2: Ball
2-2: Fly out, F8 (Line Drive, 8LM)
Bottom of the 6th over - 2 run(s), 3 hit(s), 0 error(s), 1 left on base; Key West 1 - Salem 4
TOP OF THE 7TH
Key West Barracudas batting - Pitching for Salem Silver Souls : RHP Andy Hickey
Pitching: RHP Javier Valenzuela
Batting: RHB Ramiro Gámez 0-0: Swinging Strike
0-1: Ball
1-1: Ball
2-1: Foul Ball, location: 2F
2-2: Strikes out swinging
Batting: RHB Carlos Miranda 0-0: Swinging Strike
0-1: Ball
1-1: Called Strike
1-2: Strikes out swinging
Batting: SHB Héctor Jiménez 0-0: Called Strike
0-1: Ball
1-1: Ball
2-1: Foul Ball, location: 2F
2-2: Foul Ball, location: 2F
2-2: Strikes out looking
Top of the 7th over - 0 run(s), 0 hit(s), 0 error(s), 0 left on base; Key West 1 - Salem 4
BOTTOM OF THE 7TH
Salem Silver Souls batting - Pitching for Key West Barracudas : RHP Sean Harden
Batting: SHB Todd Smith 0-0: Called Strike
0-1: Ground out 4-3 (Groundball, 13)
Batting: RHB Lonson Seals 0-0: Ball
1-0: Ball
2-0: Fly out, F7 (Flyball, 78M)
Batting: LHB Jeff McKinney 0-0: Called Strike
0-1: Fly out, F6 (Line Drive, 6)
Bottom of the 7th over - 0 run(s), 0 hit(s), 0 error(s), 0 left on base; Key West 1 - Salem 4
TOP OF THE 8TH
Key West Barracudas batting - Pitching for Salem Silver Souls : RHP Javier Valenzuela
Batting: LHB Domingo Ledesma 0-0: Foul Ball, location: 2F
0-1: Ball
1-1: Called Strike
1-2: Strikes out looking
Batting: RHB Victor Baker 0-0: Called Strike
0-1: Ball
1-1: Ball
2-1: Called Strike
2-2: Strikes out swinging
Batting: RHB Zander Tremblett 0-0: SINGLE (Line Drive, 6MD)
Batting: RHB Kenny Cole 0-0: Swinging Strike
0-1: Fielders Choice at 2nd, 6-4 (Groundball, 6)
Top of the 8th over - 0 run(s), 1 hit(s), 0 error(s), 0 left on base; Key West 1 - Salem 4
BOTTOM OF THE 8TH
Salem Silver Souls batting - Pitching for Key West Barracudas : RHP Sean Harden
Batting: LHB Jeff Doss 0-0: Foul Ball, location: 2F
0-1: Ball
1-1: Swinging Strike
1-2: Foul Ball, location: 2F
1-2: Foul Ball, location: 2F
1-2: Foul Ball, location: 2F
1-2: Ground out 6-3 (Groundball, 6M)
Batting: SHB Francis Shaffer 0-0: Ball
1-0: SINGLE (Line Drive, 34)
Batting: LHB Millard Dye 0-0: Foul Ball, location: 2F
0-1: Ball
1-1: Ball
2-1: Ball
3-1: DOUBLE (Line Drive, 4D)
Francis Shaffer to third
Batting: RHB Alejandro Martínez 0-0: Called Strike
0-1: Called Strike
0-2: Foul Ball, location: 2F
0-2: Ball
1-2: Strikes out swinging
Pitching: LHP José Morán
Batting: RHB Anthony Wells 0-0: Called Strike
0-1: SINGLE (Line Drive, 89S)
Francis Shaffer scores
Millard Dye to third
Runner from 3rd tries for Home, SAFE, no throw or cutoff
Batting: RHB Juan López 0-0: Ball
1-0: Ball
2-0: Ground out 6-3 (Groundball, 56)
Bottom of the 8th over - 2 run(s), 3 hit(s), 0 error(s), 1 left on base; Key West 1 - Salem 6
TOP OF THE 9TH
Key West Barracudas batting - Pitching for Salem Silver Souls : RHP Javier Valenzuela
Batting: LHB Arturo López 0-0: Foul Ball, location: 2F
0-1: Swinging Strike
0-2: Ball
1-2: Strikes out swinging
Batting: RHB Luther Stoffels 0-0: Called Strike
0-1: Swinging Strike
0-2: Ball
1-2: Ball
2-2: Foul Ball, location: 2F
2-2: Strikes out swinging
Batting: RHB Ramiro Gámez 0-0: Called Strike
0-1: Ground out U3 (Groundball, 3S)
Top of the 9th over - 0 run(s), 0 hit(s), 0 error(s), 0 left on base; Key West 1 - Salem 6
This league is powered by Out of the Park Baseball, the baseball management simulation game for PC, Mac and Linux
Saturday, April 9th, 2016 - OOTP Baseball 16.8 Build 38